 Dungeon Crawl Stone Soup version 0.28.0 (webtiles) character file.

Game seed: 17944455525511220043

191 Anon1729 the Insei (level 5, -2/33 HPs)
             Began as an Octopode Transmuter on Feb 15, 2022.
             Was an Initiate of Fedhas.
             Slain by a sky beast (5 damage)
             ... on level 4 of the Dungeon.
             The game lasted 00:05:31 (4330 turns).

Anon1729 the Insei (Octopode Transmuter)            Turns: 4330, Time: 00:05:32

Health: -2/33      AC:  1    Str:  9    XL:     5   Next: 70%
Magic:  8/8        EV: 13    Int: 18    God:    Fedhas [......]
Gold:   164        SH:  0    Dex: 12    Spells: 5/8 levels left

rFire   . . .      SeeInvis .     - Unarmed
rCold   . . .      Faith    .   (no shield)
rNeg    . . .      Spirit   .   (helmet restricted)
rPois   +          Reflect  .   (no amulet)
rElec   .          Harm     .   a - ring of poison resistance
rCorr   .          Rampage  .   (no ring)
Will    .....                   (no ring)
Stlth   ++........              (no ring)
HPRegen 0.11/turn               (no ring)
MPRegen 0.11/turn               (no ring)
                                (no ring)
                                (no ring)

@: mighty
A: almost no armour, amphibious, 8 rings, camouflage 1, gelatinous body 1,
(nimble swimmer 1), tentacles
a: Renounce Religion


You were on level 4 of the Dungeon.
You worshipped Fedhas.
Fedhas was noncommittal.
You visited 1 branch of the dungeon, and saw 5 of its levels.

You collected 164 gold pieces.

Inventory:

Jewellery
 a - a ring of poison resistance (left tentacle)
 c - an amulet of guardian spirit
Scrolls
 f - a scroll of fog {unknown}
 g - 2 scrolls of identify {unknown}
 h - a scroll of vulnerability {unknown}
 j - a scroll of magic mapping {unknown}
 k - a scroll of teleportation
 l - a scroll of immolation {unknown}


   Skills:
 - Level 1.2 Fighting
 - Level 2.1 Dodging
 - Level 5.6 Unarmed Combat
 - Level 2.1 Spellcasting
 + Level 2.5 Transmutations
 + Level 1.2 Invocations


You had 5 spell levels left.
You knew the following spells:

 Your Spells              Type           Power      Damage    Failure   Level
a - Beastly Appendage     Tmut           22%        N/A       6%          1
b - Wereblood             Tmut           11%        N/A       10%         2

Your spell library contained the following spells:

 Spells                   Type           Power      Damage    Failure   Level
 Spider Form              Tmut/Pois      6%         N/A       32%         3
 Ice Form                 Ice/Tmut       6%         N/A       71%         4


Dungeon Overview and Level Annotations

Branches:
Dungeon (5/15)
 Temple: D:4-7

Altars:
Ashenzari
Cheibriados
Fedhas
Ru

Shops:
D:3 (   D:4 [   D:5 [


Innate Abilities, Weirdness & Mutations

You cannot wear most types of armour.
You are amphibious.
You can wear up to eight rings at the same time.
Your skin changes colour to match your surroundings (Stealth+).
Your rubbery body absorbs attacks. (AC +1, EV +1)
((You are camouflaged when in or above water. (Stealth+)))
You have tentacles for arms and can constrict up to eight enemies at once.


Message History

The sky beast flickers out of sight!
Deactivating autopickup; reactivate with Ctrl-A.
Your tentacle spike disappears.
A sky beast appears from thin air!
Reactivating autopickup.
You see here a +0 dagger.
The sky beast flickers out of sight!
Deactivating autopickup; reactivate with Ctrl-A.
A sky beast appears from thin air!
Reactivating autopickup.
The sky beast flickers out of sight!
Deactivating autopickup; reactivate with Ctrl-A.
A sky beast appears from thin air!
Reactivating autopickup.
The sky beast flickers out of sight!
Deactivating autopickup; reactivate with Ctrl-A.
Something hits you.
* * * LOW HITPOINT WARNING * * *
Something shocks you.
* * * LOW HITPOINT WARNING * * *
You feel better.
A sky beast appears from thin air!
Reactivating autopickup.
The sky beast hits you.
* * * LOW HITPOINT WARNING * * *
The sky beast shocks you.
* * * LOW HITPOINT WARNING * * *
It was a potion of cancellation.
You feel magically purged. The sky beast closely misses you.
It was a potion of might.
You feel very mighty all of a sudden. The sky beast barely misses you.
You barely miss the sky beast.
The sky beast is moderately wounded.
The sky beast flickers out of sight!
Deactivating autopickup; reactivate with Ctrl-A.
Something hits you.
* * * LOW HITPOINT WARNING * * *
Something shocks you.
You die...
Fedhas appreciates your contribution to the ecosystem.

##....####.#...........##.......
##......#.....................###
#........#####...............#
#..###..##...###{.........#..####
#### #)##≈≈⌠≈≈##..>......# #..##.
#.#≈≈...≈≈###...#...###...##
#.#≈.....≈#.....#...........
#.#.......#{#..##...........
#...#####..@#...............
##### ######...........[..
##..........##....
#...........###... #...........#
#... ####).......# ##..
#..........# #.# ##.<#.....## ###
#####..### #


There were no monsters in sight!

Vanquished Creatures
  A water moccasin skeleton (D:4)
  A hound (D:3)
  Jessica (D:2)
  A gnoll (D:4)
  An adder (D:2)
  2 ufetubi (D:4)
  3 dart slugs
  6 bats
  7 endoplasms
  A giant cockroach (D:1)
  7 hobgoblins
  2 quokkas
  4 ball pythons
  3 frilled lizards
  5 goblins
  3 kobolds
  5 rats
53 creatures vanquished.

Vanquished Creatures (others)
  A plant (D:3)
1 creature vanquished.

Grand Total: 54 creatures vanquished

Notes
Turn   | Place    | Note
-------+----------+-------------------------------------------
     0 | D:1      | Anon1729 the Octopode Transmuter began the quest for the
                  | Orb.
     0 | D:1      | Reached XP level 1. HP: 13/13 MP: 3/3
   232 | D:1      | Reached XP level 2. HP: 12/18 MP: 3/5
   345 | D:1      | You fall into a shaft and drop 1 floor!
   902 | D:2      | Reached XP level 3. HP: 19/23 MP: 4/6
  1138 | D:2      | Noticed Jessica
  1152 | D:2      | Killed Jessica
  1153 | D:2      | Reached skill level 4 in Unarmed Combat
  1342 | D:2      | Reached XP level 4. HP: 28/28 MP: 5/7
  1635 | D:1      | Found a faded altar of an unknown god.
  2225 | D:3      | Found Feneops's Antique Weapon Shoppe.
  2366 | D:3      | Reached skill level 5 in Unarmed Combat
  2739 | D:3      | Found a snail-covered altar of Cheibriados.
  2845 | D:3      | Found a broken altar of Ashenzari.
  2889 | D:3      | Reached XP level 5. HP: 33/33 MP: 8/8
  2976 | D:4      | Noticed a phantom
  3317 | D:4      | Learned a level 2 spell: Wereblood
  3415 | D:4      | Found Ompyemui's Antique Armour Boutique.
  3440 | D:4      | Found a blossoming altar of Fedhas.
  3510 | D:4      | Became a worshipper of Fedhas Madash
  3716 | D:4      | Found a sacrificial altar of Ru.
  3838 | D:4      | Reached skill level 1 in Invocations
  3842 | D:4      | Noticed an ogre
  3846 | D:5      | Entered Level 5 of the Dungeon
  4120 | D:5      | Found Omil's Antique Armour Emporium.
  4154 | D:5      | Noticed a sky beast
  4330 | D:4      | Slain by a sky beast

Illustrated notes

Levels and vault maps discovered:
D:1:      eino_arrival_cavern_d, layout_rooms, ebering_ecumenical_altar_box
D:2:      layout_loops_corners, uniq_jessica
D:3:      layout_rooms, marbit_many_paths, kennysheep_slug_shrine, serial_shops,
          nicolae_shop_overgrown_old_shop
D:4:      layout_cave_pools, fedhas_altar_2, nicolae_ru_sacrificial_ziggurat,
          worldfamousw_hep_ancestral_shrine,
          mainiacjoe_overflow_small_starburst, serial_shops, shop,
          kennysheep_nub
D:5:      layout_basic, serial_shops, nicolae_shop_hallway_plus, uniq_sigmund

Skill      XL: |  1  2  3  4  5 |
---------------+----------------+-----
Unarmed Combat | 4 5 |  5.6
Invocations    | 1 |  1.2
Fighting       | |  1.2
Dodging        | |  2.1
Spellcasting   | |  2.1
Transmutations | |  2.5

Action                   |  1- 3 |  4- 6 || total
-------------------------+-------+-------++-------
Melee: Unarmed           |    46 |    77 ||   123
       Constrict         |    12 |    14 ||    26
       Kick              |     6 |    11 ||    17
       Tentacles         |     4 |    17 ||    21
       Punch             |     1 |     2 ||     3
 Cast: Beastly Appendage |    14 |    23 ||    37
  Use: Potion            |       |     5 ||     5
       Scroll            |       |     2 ||     2
 Stab: Sleeping          |     4 |     4 ||     8
Armor: Skin              |     2 |     4 ||     6
Dodge: Dodged            |    21 |    52 ||    73
